 Dungeon Sprint DCSS version 0.21-a0-509-gecc5317 (webtiles) character file.

103 HAWKINGL3623 the Shield-Bearer (level 4, -4/67 HPs)
             Began as a Minotaur Fighter on Nov 30, 2017.
             Killed from afar by Sigmund (8 damage)
             ... with a magic dart
             ... in the Dungeon (Sprint I: "Red Sonja").
             The game lasted 00:02:00 (319 turns).

HAWKINGL3623 the Shield-Bearer (Minotaur Fighter)    Turns: 319, Time: 00:02:01

Health: -4/67      AC:  7    Str: 27    XL:     4   Next: 51%
Magic:  3/3        EV:  8    Int:  5    God:
Gold:   0          SH:  0    Dex:  9    Spells: 3/3 levels left

rFire    . . .     SeeInvis .   a - +0 trident
rCold    . . .     Gourm    .   c - +0 shield
rNeg     . . .     Faith    .   b - +0 scale mail
rPois    .         Spirit   .   (helmet restricted)
rElec    .         Reflect  .   (no cloak)
rCorr    .         Harm     .   (no gloves)
MR       .....     NoTele   +   (no boots)
Stlth    ..........             (no amulet)
HPRegen  0.21/turn              (no ring)
MPRegen  0.08/turn              (no ring)

@: confused, berserking (expiring), very quick
A: retaliatory headbutt, horns 2
a: no special abilities


You were in the Dungeon.
You were not hungry.

You visited 1 branch

Inventory:

Hand Weapons
 a - a +0 trident (weapon)
Armour
 b - a +0 scale mail (worn)
 c - a +0 shield (worn)
Wands
 l - a wand of flame (24)
Scrolls
 k - a scroll of blinking
Potions
 d - a potion of might
 h - a potion of haste
 i - 2 potions of magic
Comestibles
 f - a bread ration


   Skills:
 + Level 6.9 Fighting
 + Level 4.4 Polearms
 + Level 6.4 Armour
 + Level 7.2 Shields


You had 3 spell levels left.
You didn't know any spells.

Dungeon Overview and Level Annotations

Branches:
Dungeon (1/1)

Altars:

Annotations:
D Sigmund


Innate Abilities, Weirdness & Mutations

You reflexively headbutt those who attack you in melee.
You have a pair of horns on your head.


Message History

You hear some strange, mumbled words.
A puff of flame appears from out of thin air!
The puff of flame hits you!
* * * LOW HITPOINT WARNING * * *
You miss something.
You hear some strange, mumbled words.
You are confused.
You bump into the closed door.
You bump into the rock wall.
You feel a strong urge to attack something.
You hear some strange, mumbled words.
A puff of flame appears from out of thin air!
The puff of flame hits you!
* * * LOW HITPOINT WARNING * * *
Unknown command.
You bump into the rock wall.
You hear some strange, mumbled words.
A magic dart appears from out of thin air!
The magic dart hits you!
You die...

#############
#<.#..)..#..+
#..)..#..@{.#
#..#####+####
#..# #..#
#..# #⌠⌠#
####


There were no monsters in sight!

Vanquished Creatures
  An ogre (D)
  Ijyb (D)
2 creatures vanquished.

Notes
Turn   | Place    | Note
-------+----------+-------------------------------------------
     0 | D        | HAWKINGL3623 the Minotaur Fighter began the quest for the Orb.
     0 | D        | Reached XP level 1. HP: 19/19 MP: 0/0
     1 | D        | Noticed Ijyb
    15 | D        | Killed Ijyb
    15 | D        | Reached skill level 5 in Fighting
    15 | D        | Reached skill level 5 in Armour
    15 | D        | Reached skill level 5 in Shields
    15 | D        | Reached XP level 2. HP: 15/29 MP: 1/1
   181 | D        | Noticed an ogre
   185 | D        | Killed an ogre
   185 | D        | Reached skill level 7 in Shields
   185 | D        | Reached XP level 3. HP: 24/38 MP: 2/2
   185 | D        | Reached XP level 4. HP: 29/45 MP: 3/3
   294 | D        | Noticed Sigmund
   319 | D        | Killed from afar by Sigmund

Vault maps used:
D:        dungeon_sprint_1

Skill      XL: |  1  2 |
---------------+-------+-----
Fighting       | 5 6 |  6.9
Polearms       | 3 4 |  4.4
Armour         | 5 6 |  6.4
Shields        | 5 7 |  7.2

Action                   |  1- 3 |  4- 6 || total
-------------------------+-------+-------++-------
Melee: Trident           |    18 |    15 ||    33
       Headbutt          |     3 |       ||     3
  Use: Potion            |       |     3 ||     3
Armor: Scale mail        |     3 |       ||     3
Dodge: Dodged            |     2 |       ||     2
Block: Shield            |     8 |     2 ||    10

Table legend:
 A = Spawn XP
 B = Non-spawn XP
 C = Spawn XP percentage of total XP
 D = Spawn monster count
 E = Non-spawn monster count
 F = Spawn count percentage of total count
 G = Total turns spent on level
                    A         B        C        D         E        F      G
               +---------+---------+-------+---------+---------+-------+---------
         Total |       0 |     148 |   0.0 |       0 |       2 |   0.0 |   319
               +---------+---------+-------+---------+---------+-------+---------
             D |       0 |     148 |   0.0 |       0 |       2 |   0.0 |   319
               +---------+---------+-------+---------+---------+-------+---------
